 Dungeon Crawl Stone Soup version 0.27.1-1-g398f81649c (webtiles) character file.

Game seed: 15867816568164090451

1710 acemry the Transmogrifier (level 9, -15/53 HPs)
             Began as an Octopode Transmuter on Sept 6, 2021.
             Was an Initiate of Cheibriados.
             Demolished by Harold (28 damage)
             ... on level 7 of the Dungeon.
             The game lasted 00:21:50 (8775 turns).

acemry the Transmogrifier (Octopode Transmuter)     Turns: 8775, Time: 00:21:51

Health: -15/53     AC:  2    Str: 10    XL:     9   Next: 3%
Magic:  2/12       EV: 19    Int: 20    God:    Cheibriados [......]
Gold:   242        SH:  5    Dex: 18    Spells: 5/13 levels left

rFire    . . .     SeeInvis .     - Unarmed
rCold    . . .     Faith    .   (shield currently unavailable)
rNeg     + . .     Spirit   .   (helmet currently unavailable)
rPois    x         Reflect  +   g - amulet of reflection
rElec    .         Harm     .   b - ring of resist corrosion
rCorr    +         Rampage  .   i - ring of positive energy
Will     .....                  (no ring)
Stlth    +++.......             (no ring)
HPRegen  0.17/turn              (no ring)
MPRegen  0.13/turn              (no ring)
                                (no ring)
                                (no ring)

@: spider-form, marked, very slightly contaminated, very slow
A: venomous fangs, almost no armour, (amphibious), 8 rings, tiny, (camouflage
1), (gelatinous body 1), (nimble swimmer 1), (tentacles)
a: End Transformation, Renounce Religion, Bend Time


You were on level 7 of the Dungeon.
You worshipped Cheibriados.
Cheibriados was noncommittal.
You were a venomous arachnid creature.
You visited 2 branches of the dungeon, and saw 8 of its levels.

You collected 242 gold pieces.

Inventory:

Hand Weapons
 d - a +0 short sword
 f - a +6 spear (melded)
Jewellery
 b - a ring of resist corrosion (left front leg)
 g - an amulet of reflection (around neck)
 i - a ring of positive energy (right front leg)
 k - an amulet of the acrobat
Wands
 j - a wand of iceblast (21)
 m - a wand of mindburst (17)
Scrolls
 e - 8 scrolls of identify
 h - 2 scrolls of immolation
 l - a scroll of enchant armour
Potions
 c - 2 potions of flight
 o - a potion of ambrosia
Miscellaneous
 a - a box of beasts (inert)


   Skills:
 - Level 1.0 Fighting
 - Level 2.0 Dodging
 - Level 4.3 Stealth
 - Level 3.0 Unarmed Combat
 + Level 2.6 Spellcasting
 * Level 10.6 Transmutations


You had 5 spell levels left.
You knew the following spells:

 Your Spells              Type           Power      Damage    Failure   Level
a - Beastly Appendage     Tmut           90%        N/A       2%          1
b - Spider Form           Tmut/Pois      12%        N/A       14%         3
c - Ice Form              Ice/Tmut       24%        N/A       34%         4

Your spell library contained the following spells:

 Spells                   Type           Power      Damage    Failure   Level
 Wereblood                Tmut           45%        N/A       2%          2
 Petrify                  Tmut/Erth      24%        N/A       34%         4
 Sublimation of Blood     Necr           1%         N/A       43%         2
 Swiftness                Air            2%         N/A       63%         3
 Irradiate                Conj/Tmut      12%        3d17      63%         5
 Summon Forest            Summ/Tloc      1%         N/A       99%         5
 Summon Mana Viper        Hex/Summ       2%         N/A       99%         5
 Conjure Ball Lightning   Conj/Air       1%         3x3d6     100%        6
 Shadow Creatures         Summ           N/A        N/A       100%        6


Dungeon Overview and Level Annotations

Branches:
Dungeon (7/15)             Temple (1/1) D:5

Altars:
Ashenzari
Cheibriados
Elyvilon
Fedhas
Gozag
Hepliaklqana
Kikubaaqudgha
Makhleb
Nemelex Xobeh
Okawaru
Qazlal
Ru
Sif Muna
Trog
Uskayaw
Wu Jian
Xom
Yredelemnul
Zin
The Shining One

Annotations:
D:7 2 transporters, Harold; ZARRMARR's ghost, novice OpCj


Innate Abilities, Weirdness & Mutations

You are a venomous arachnid creature.
You have poisonous fangs.
You are tiny and dextrous.
Your spellcasting is less reliable in this form.
Your armour is entirely melded.
You are incapable of wielding weapons or throwing items.
You cannot wear most types of armour.
((You are amphibious.))
You can wear up to eight rings at the same time.
((Your skin changes colour to match your surroundings (Stealth+).))
((Your rubbery body absorbs attacks. (AC +1, EV +1)))
((You are camouflaged near water. (Stealth+)))
((You have tentacles for arms and can constrict up to eight enemies at once.))


Message History

Nothing appears to happen.
The killer bee zombie barely misses you.
You hit the killer bee zombie but do no damage.
The killer bee zombie misses you. The killer bee zombie hits you.
You closely miss the killer bee zombie.
The killer bee zombie completely misses you.
The killer bee zombie misses you.
Casting: Spider Form (dangerous; 14% risk of failure)
Confirm with . or Enter, or press ? or * to list all spells.
You extend your transformation's duration.
You hit Harold but do no damage. You bite Harold!
Harold is poisoned.
Harold is lightly wounded.
Harold closely misses you.
You hit Harold.
Harold is lightly wounded.
Harold hits you with a +4 vorpal hand axe!
You hit Harold.
Harold is lightly wounded.
Harold hits you with a +4 vorpal hand axe!
You hit Harold but do no damage.
Harold is lightly wounded.
Harold hits you with a +4 vorpal hand axe.
* * * LOW HITPOINT WARNING * * *
x2
Okay, then.
Okay, then.
Aiming: Mindburst
Press: ? - help, Shift-Dir - straight line, f - Harold
Aim: Harold, wielding a +4 vorpal hand axe, wearing a +0 ring mail and quivering 4 throwing nets (lightly wounded, very poisoned, chance to affect: 30%)
Okay, then.
Aiming: Iceblast
Press: ? - help, Shift-Dir - straight line, f - Harold
Aim: Harold, wielding a +4 vorpal hand axe, wearing a +0 ring mail and quivering 4 throwing nets (lightly wounded, very poisoned)
Okay, then.
You don't have enough magic at the moment.
You hit Harold but do no damage.
Harold looks as sick as possible!
Harold is lightly wounded.
Harold hits you with a +4 vorpal hand axe!!
Ouch! That really hurt!
You die...

#.................?..Z....
###......................=
####....)....[†.........
##.#...............!.
######..............
#.####.......... #..
#Z###...... ### #@# ###...
#s# ### ###


You could see Harold (extremely poisoned) and a killer bee zombie.

Vanquished Creatures
  Prince Ribbit (D:5)
  A sky beast (D:7)
  3 ogres
  The ghost of acemry the Changer, an amateur OpTm (D:3)
  3 phantoms
  A bullfrog (D:5)
  2 scorpions
  A water moccasin zombie (D:6)
  A water moccasin skeleton (D:5)
  3 centaur zombies
  A bullfrog zombie (D:6)
  2 hounds
  2 centaur skeletons
  A bullfrog skeleton (D:6)
  A jelly (D:3)
  An iguana (D:6)
  A hound skeleton (D:5)
  Robin (D:3)
  6 adders
  An ufetubus (D:4)
  2 dart slugs (D:2)
  7 endoplasms
  5 giant cockroaches
  25 goblins
  9 hobgoblins
  8 jackals
  2 quokkas (D:2)
  3 ball pythons
  2 bats
  2 frilled lizards
  6 kobolds
  4 rats
109 creatures vanquished.

Vanquished Creatures (collateral kills)
  Grinder (D:3)
  2 goblins (D:5)
3 creatures vanquished.

Grand Total: 112 creatures vanquished

Notes
Turn   | Place    | Note
-------+----------+-------------------------------------------
     0 | D:1      | acemry the Octopode Transmuter began the quest for the Orb.
     0 | D:1      | Reached XP level 1. HP: 13/13 MP: 3/3
    84 | D:1      | Reached skill level 1 in Stealth
   296 | D:1      | Reached XP level 2. HP: 3/18 MP: 5/5
   811 | D:1      | Found a faded altar of an unknown god.
  1593 | D:2      | Reached XP level 3. HP: 13/23 MP: 4/6
  2969 | D:3      | Found a runed translucent door.
  3018 | D:3      | Noticed acemry's ghost (amateur OpTm)
  3094 | D:3      | Reached skill level 3 in Transmutations
  3094 | D:3      | Reached XP level 4. HP: 11/28 MP: 5/7
  3098 | D:3      | Learned a level 3 spell: Spider Form
  3488 | D:3      | Found a glowing golden altar of the Shining One.
  3736 | D:3      | Killed acemry's ghost
  3737 | D:3      | Reached skill level 4 in Transmutations
  3737 | D:3      | Reached XP level 5. HP: 19/33 MP: 8/8
  3879 | D:3      | Noticed Grinder
  3886 | D:3      | Paralysed by Grinder for 4 turns
  3897 | D:3      | Killed Grinder
  3898 | D:3      | Reached skill level 5 in Transmutations
  3898 | D:3      | Reached XP level 6. HP: 22/38 MP: 9/9
  4321 | D:3      | Noticed Robin
  4372 | D:3      | Killed Robin
  4873 | D:4      | Reached skill level 6 in Transmutations
  5207 | D:4      | Reached XP level 7. HP: 37/43 MP: 8/10
  5494 | D:5      | Entered Level 5 of the Dungeon
  5621 | D:5      | Noticed Prince Ribbit
  5639 | D:5      | Reached skill level 7 in Transmutations
  5649 | D:5      | Killed Prince Ribbit
  5650 | D:5      | Reached skill level 8 in Transmutations
  5993 | D:5      | Found a staircase to the Ecumenical Temple.
  6012 | D:5      | Reached XP level 8. HP: 40/48 MP: 9/11
  6212 | D:5      | Reached skill level 9 in Transmutations
  6232 | D:5      | Learned a level 4 spell: Ice Form
  6568 | Temple   | Entered the Ecumenical Temple
  6908 | Temple   | Became a worshipper of Cheibriados the Contemplative
  7257 | D:6      | Found an ornate altar of the Wu Jian Council.
  7421 | D:6      | Reached skill level 10 in Transmutations
  7565 | D:6      | Got Som Ceuh's Guide on Cloudy Snow
  8337 | D:7      | Found a transporter.
  8338 | D:7      | Noticed ZARRMARR's ghost (novice OpCj)
  8341 | D:7      | Found a transporter.
  8422 | D:7      | Reached XP level 9. HP: 8/53 MP: 12/12
  8715 | D:7      | Noticed Harold
  8775 | D:7      | Demolished by Harold

Illustrated notes

Levels and vault maps discovered:
D:1:      minmay_arrival_split_and_join, layout_basic, basic_ecumenical_altar,
          minivault_19
D:2:      kennysheep_big_flooded_room, layout_basic, nrook_campfire,
          bh_walls_and_bars
D:3:      layout_basic, mainiacjoe_overflow_boulevard,
          ebering_ghost_inner_flame, uniq_robin, uniq_grinder
D:4:      layout_basic
D:5:      layout_basic, temple_doors_e, minmay_ogre_servants,
          uniq_prince_ribbit1
D:6:      layout_loops_ring, pdpol_wu_jian_five_deadly_venoms
D:7:      layout_layer_cave, gammafunk_ghost_hive, kennysheep_cross_bottleneck,
          minmay_misc_feat_nine_boxes, uniq_harold
Temple:   hc_temple_tempest_star

Skill      XL: |  1  2  3  4  5  6  7  8 |
---------------+-------------------------+-----
Stealth        | 1 2 4 |  4.3
Transmutations | 3 4 5 6 8 10 | 10.6
Fighting       | |  1.0
Dodging        | |  2.0
Unarmed Combat | |  3.0
Spellcasting   | |  2.6

Action                   |  1- 3 |  4- 6 |  7- 9 || total
-------------------------+-------+-------+-------++-------
Melee: Unarmed           |    22 |    21 |    76 ||   119
       Kick              |    20 |    12 |    18 ||    50
       Constrict         |    16 |    14 |    10 ||    40
       Tentacles         |    13 |    10 |    13 ||    36
       Punch             |     3 |     1 |     1 ||     5
       Short sword       |    61 |    43 |       ||   104
       Spear             |       |    37 |    81 ||   118
 Cast: Beastly Appendage |    29 |    17 |    19 ||    65
       Spider Form       |       |     2 |     8 ||    10
Evoke: Box of beasts     |       |     1 |     1 ||     2
       Wand              |       |       |     1 ||     1
  Use: Scroll            |     6 |       |     6 ||    12
       Potion            |       |     6 |     1 ||     7
 Stab: Sleeping          |     7 |     5 |    10 ||    22
Armor: Skin              |     7 |     3 |     6 ||    16
Dodge: Dodged            |    38 |    50 |    80 ||   168
Block: Other             |    13 |    23 |    19 ||    55
